 Dungeon Crawl Stone Soup version 0.24.0-123-gd5b16e6ec5 (webtiles) character file.

Game seed: 2874361390513684204, levelgen mode: deterministic

1194 FishyPogo the Transmogrifier (level 8, -10/51 HPs)
             Began as an Octopode Transmuter on Jan 4, 2020.
             Was an Initiate of Dithmenos.
             Mangled by Duvessa
             ... wielding a +6 short sword of electrocution
              (20 damage)
             ... on level 6 of the Dungeon.
             The game lasted 00:14:54 (4224 turns).

FishyPogo the Transmogrifier (Octopode Transmuter)  Turns: 4224, Time: 00:14:55

Health: -10/51     AC:  2    Str:  9    XL:     8   Next: 44%
Magic:  9/11       EV: 26    Int: 17    God:    Dithmenos [......]
Gold:   192        SH:  0    Dex: 18    Spells: 5/11 levels left

rFire    + . .     SeeInvis .     - Unarmed
rCold    . . .     Gourm    .   (shield currently unavailable)
rNeg     . . .     Faith    .   (helmet currently unavailable)
rPois    x         Spirit   .   (no amulet)
rElec    .         Reflect  .   h - +6 ring of evasion
rCorr    .         Harm     .   A - ring of wizardry
MR       .....                  D - ring of protection from fire
Stlth    +++.......             (no ring)
HPRegen  0.17/turn              (no ring)
MPRegen  0.12/turn              (no ring)
                                (no ring)
                                (no ring)

@: spider-form (expiring)
A: tiny, almost no armour, stealthy swim, (amphibious), 8 rings, (constrict 8)
a: End Transformation, Renounce Religion


You were on level 6 of the Dungeon.
You worshipped Dithmenos.
Dithmenos was noncommittal.
You were not hungry.
You were a venomous arachnid creature.
You visited 1 branch of the dungeon, and saw 6 of its levels.

You collected 192 gold pieces.

Inventory:

Missiles
 a - 131 arrows
 b - 9 boomerangs
 e - 151 stones (quivered)
 f - 12 poisoned darts
 o - 2 datura-tipped darts
 y - 4 javelins
Jewellery
 h - a +6 ring of evasion (left front leg)
 A - a ring of wizardry (right front leg)
 D - a ring of protection from fire (on tentacle)
Wands
 p - a wand of digging (8)
 u - a wand of disintegration (2)
 x - a wand of enslavement (10)
 B - a wand of paralysis (8)
Scrolls
 g - 3 scrolls of remove curse
 j - 4 scrolls of teleportation
 l - 5 scrolls of identify
 n - 2 scrolls of noise {unknown}
 q - a scroll of immolation {unknown}
 v - 2 scrolls of blinking {unknown}
 w - a scroll of enchant armour {unknown}
 z - 2 scrolls of fog {unknown}
 C - a scroll of magic mapping {unknown}
Potions
 d - a potion of magic {unknown}
 i - a potion of degeneration {unknown}
 k - 2 potions of invisibility {unknown}
 m - 2 potions of haste
 r - 2 potions of flight {unknown}
 s - 3 potions of curing
 t - a potion of mutation {unknown}
 E - a potion of brilliance {unknown}
Comestibles
 c - 15 rations
 F - 3 chunks of flesh


   Skills:
 + Level 2.8 Fighting
 - Level 2.0 Dodging
 + Level 5.2 Stealth
 * Level 4.2 Unarmed Combat
 + Level 2.1 Spellcasting
 * Level 8.2 Transmutations


You had 5 spell levels left.
You knew the following spells:

 Your Spells              Type           Power        Failure   Level  Hunger
n - Sticks to Snakes      Tmut           ####....     2%          2    ###....
u - Spider Form           Tmut/Pois      ###.......   11%         3    ###....
y - Beastly Appendage     Tmut           ####..       1%          1    #......

Your spell library contained the following spells:

 Spells                   Type           Power        Failure   Level  Hunger
 Blade Hands              Tmut           ####......   16%         5    ######.
 Ice Form                 Ice/Tmut       ###.....     26%         4    #####..


Dungeon Overview and Level Annotations

Branches:
Dungeon (6/15)             Temple (0/1) D:6

Altars:
Cheibriados
Dithmenos
Okawaru
Ru
Vehumet
Xom
The Shining One
Beogh

Shops:
D:4 }

Annotations:
D:5 3 runed translucent doors, FishyPogo's ghost, novice DrVM
D:6 exclusion: statue, Duvessa


Innate Abilities, Weirdness & Mutations

You cannot wear most types of armour.
You are very stealthy in the water. (Stealth+)
((You are amphibious.))
You can wear up to eight rings at the same time.
((You can use your tentacles to constrict eight enemies at once.))
((Your skin changes colour to match your surroundings (Stealth+).))
((Your rubbery body absorbs attacks. (AC +1, EV +1)))


Message History

You turn into a venomous arachnid creature.
Your transformation is almost over.
Duvessa goes berserk!
There is an open door here.
Duvessa misses you.
You see here 6 gold pieces.
You bite Duvessa!
Duvessa is lightly wounded.
Duvessa hits you with a +6 short sword of electrocution!
You hit Duvessa but do no damage.
Duvessa is poisoned.
Duvessa is lightly wounded.
Duvessa hits you with a +6 short sword of electrocution.
You are electrocuted!
Duvessa hits you with a +6 short sword of electrocution!
* * * LOW HITPOINT WARNING * * *
You hit Duvessa.
Duvessa looks as sick as possible!
Duvessa is lightly wounded.
Duvessa barely misses you.
Duvessa hits you with a +6 short sword of electrocution!!
You die...

...... o....# #. ...# .###
##.## ..# ##.[.## #.#
##.....## ##.##
##.......##
#########...####.$....?..#
...............'se.......+
#####........###<........#
#.####.#.# ##.......## #÷#
#.#.# ##.....## #.####.#.#
##...## #.##...#.# ##+##
#.##.###)# #..†..)))#
####.#####


You could see Duvessa (berserk).

Vanquished Creatures
  Grinder (D:4)
  A sky beast (D:5)
  3 centaurs
  Dowan (D:6)
  2 scorpions
  A crimson imp (D:6)
  2 orc priests (D:4)
  A hound (D:5)
  4 orc wizards
  An iguana (D:5)
  5 worker ants
  A hound skeleton (D:6)
  5 adders
  2 shadow imps (D:5)
  2 oozes
  A worm (D:3)
  A dart slug (D:3)
  3 leopard geckos
  9 orcs
  3 bats
  3 giant cockroaches
  8 goblins
  6 hobgoblins
  4 kobolds (D:1)
  4 quokkas
  A ball python (D:5)
  4 frilled lizards
  A leopard gecko skeleton (D:4)
  A leopard gecko zombie (D:6)
  2 rats
83 creatures vanquished.

Notes
Turn   | Place    | Note
-------+----------+-------------------------------------------
     0 | D:1      | FishyPogo the Octopode Transmuter began the quest for the
                  | Orb.
     0 | D:1      | Reached XP level 1. HP: 13/13 MP: 3/3
   220 | D:1      | Reached XP level 2. HP: 17/18 MP: 3/5
   341 | D:1      | Found a shimmering altar of Xom.
   475 | D:1      | Learned a level 2 spell: Sticks to Snakes
   478 | D:1      | Reached skill level 3 in Transmutations
   802 | D:2      | Reached XP level 3. HP: 17/23 MP: 6/6
   807 | D:2      | Learned a level 3 spell: Spider Form
   810 | D:2      | Found an iron altar of Okawaru.
  1307 | D:2      | Reached skill level 4 in Transmutations
  1484 | D:3      | Found a snail-covered altar of Cheibriados.
  1485 | D:3      | Reached XP level 4. HP: 25/28 MP: 5/7
  1897 | D:4      | Found a shadowy altar of Dithmenos.
  1962 | D:4      | Reached skill level 5 in Transmutations
  1967 | D:4      | Reached XP level 5. HP: 16/33 MP: 5/8
  1974 | D:4      | Became a worshipper of Dithmenos the Shadowed
  2544 | D:4      | Found Naim Jau's Gadget Shop.
  2651 | D:4      | Noticed Grinder
  2657 | D:4      | Reached skill level 6 in Transmutations
  2675 | D:4      | Reached XP level 6. HP: 32/38 MP: 3/9
  2694 | D:4      | Killed Grinder
  2694 | D:4      | Reached skill level 7 in Transmutations
  2694 | D:4      | Reached XP level 7. HP: 13/43 MP: 2/10
  2871 | D:5      | Entered Level 5 of the Dungeon
  3021 | D:5      | Found a sacrificial altar of Ru.
  3080 | D:5      | Reached skill level 8 in Transmutations
  3375 | D:5      | Found a glowing golden altar of the Shining One.
  3429 | D:5      | Reached XP level 8. HP: 21/50 MP: 9/11
  3589 | D:5      | Found a runed translucent gate.
  3590 | D:5      | Found a runed translucent gate.
  3590 | D:5      | Identified the +1 dagger of Impatience {venom, +Fly}
  3591 | D:5      | Found a runed translucent gate.
  3593 | D:5      | Noticed FishyPogo's ghost (novice DrVM)
  3597 | D:5      | Found a roughly hewn altar of Beogh.
  3778 | D:6      | Found a radiant altar of Vehumet.
  3823 | D:6      | Reached skill level 5 in Stealth
  3875 | D:6      | Found a staircase to the Ecumenical Temple.
  4051 | D:6      | Noticed Dowan
  4051 | D:6      | Noticed Duvessa
  4089 | D:6      | Killed Dowan
  4224 | D:6      | Mangled by Duvessa

Levels and vault maps discovered:
D:1:      dpeg_arrival_chambers_temple_mockup, layout_basic,
          minmay_misc_feat_cross, xom_teletrap_fun
D:2:      layout_basic, okawaru_ov_weapons_minmay
D:3:      layout_rooms, kennysheep_slug_shrine
D:4:      layout_rooms, nicolae_dithmenos_shadow_blocks, serial_shops,
          nicolae_shop_behind_doors, first_ration, kennysheep_generic_room_5,
          uniq_grinder
D:5:      layout_basic, nicolae_ru_awakened_eye, basic_altar,
          biasface_ghost_orc_armoury
D:6:      layout_loops_corners, overflow_temple_1_default, vehumet_statue,
          lemuel_doored_altar, cheibrodos_ashenzari_chains,
          minmay_temple_entry_overgrown, uniq_duvessa

Skill      XL: |  1  2  3  4  5  6  7  8 |
---------------+-------------------------+-----
Transmutations | 3 4 5 6 7 8 |  8.2
Stealth        | 4 5 |  5.2
Fighting       | 2 |  2.8
Unarmed Combat | 4 |  4.2
Dodging        | |  2.0
Spellcasting   | |  2.1

Action                   |  1- 3 |  4- 6 |  7- 9 || total
-------------------------+-------+-------+-------++-------
Melee: Unarmed           |    74 |    80 |   127 ||   281
       Constrict         |    19 |    11 |    15 ||    45
       Kick              |    17 |     6 |    22 ||    45
       Tentacles         |     7 |    10 |    20 ||    37
       Punch             |       |     1 |     4 ||     5
Throw: Stone             |     1 |     3 |     1 ||     5
 Cast: Beastly Appendage |    23 |     9 |    15 ||    47
       Spider Form       |       |     3 |     6 ||     9
 Abil: End Transformatio |       |       |     1 ||     1
  Use: Scroll            |       |     5 |       ||     5
       Potion            |       |     3 |       ||     3
 Stab: Sleeping          |     4 |     1 |     6 ||    11
  Eat: Chunk             |     2 |     3 |     8 ||    13
Armor: Skin              |     3 |     3 |     2 ||     8
Dodge: Dodged            |    37 |    47 |   113 ||   197
